 Dungeon Crawl Stone Soup version 0.31-a0-233-g139696dc86 (webtiles) character file.

Game seed: 15508356946346773387

679 qw the Shooter (level 7, -4/62 HPs)
             Began as a Minotaur Hexslinger on July 9, 2023.
             Slain by an orc warrior
             ... wielding a +0 dire flail
              (21 damage)
             ... on level 4 of the Dungeon.
             The game lasted 00:00:59 (3711 turns).

qw the Shooter (Minotaur Hexslinger)                Turns: 3711, Time: 00:01:00

Health: -4/62      AC:  4    Str: 13    XL:     7   Next: 34%
Magic:  8/8        EV: 13    Int: 10    God:
Gold:   214        SH:  0    Dex: 16    Spells: 7/8 levels left

rFire   . . .        Y - +1 sling (elec)
rCold   + . .        (no shield)
rNeg    . . .        g - +2 robe {rC+}
rPois   .            (helmet restricted)
rElec   .            (no cloak)
rCorr   .            (no gloves)
SInv    .            (no boots)
Will    +....        (no amulet)
Stlth   ++           l - ring of willpower
HPRegen 0.30/turn    (no ring)
MPRegen 0.11/turn

%: no passive effects
@: no status effects
A: horns 2, retaliatory headbutt, hooves 1, thin skeletal structure 1, high MP
1, sense surroundings 1
a: no special abilities


You were on level 4 of the Dungeon.
You visited 1 branch of the dungeon, and saw 4 of its levels.

You collected 214 gold pieces.


Innate Abilities, Weirdness & Mutations

You have a pair of horns on your head.
You reflexively headbutt those who attack you in melee.
You have large cloven feet.
You have a somewhat thin skeletal structure. (Dex +2, Stealth+)
You have an increased reservoir of magic. (+10% MP)
You passively map a small area around you.


   Skills:
 - Level 5.8 Fighting
 + Level 7.0 Ranged Weapons
 - Level 3.0 Dodging
 - Level 1.0 Spellcasting
 - Level 2.0 Hexes


You had 7 spell levels left.
You knew the following spells:

 Your Spells              Type           Power      Damage    Failure   Level
a - Slow                  Hex            16%        N/A       16%         1

Your spell library contained the following spells:

 Spells                   Type           Power      Damage    Failure   Level
 Inner Flame              Hex/Fire       2%         N/A       56%         3
 Portal Projectile        Hex/Tloc       4%         N/A       56%         3
 Cause Fear               Hex            2%         N/A       83%         4

Inventory:

Hand Weapons
 Y - a +1 sling of electrocution (weapon)
Armour
 a - a +0 robe of fire resistance
 g - a +2 robe of cold resistance (worn)
Jewellery
 l - a ring of willpower (left hand)
Scrolls
 e - a scroll of identify
 h - a scroll of enchant armour
Potions
 b - a potion of brilliance {unknown}
 c - a potion of magic {unknown}
 d - a potion of ambrosia {unknown}
 f - a potion of might
 i - 2 potions of haste {unknown}
 j - a potion of enlightenment {unknown}
 k - a potion of heal wounds {unknown}
 n - a potion of mutation

Dungeon Overview and Level Annotations

Branches:
Dungeon (4/15)
 Temple: D:4-7

Altars:
Cheibriados
Fedhas
Gozag
Sif Muna
Wu Jian

Annotations:
D:3 1 runed translucent door, Crazy Yiuf


Message History

You kill the orc!
The iguana bites you.
The orc warrior hits you with a +0 dire flail!
The orc priest looks satisfied for a moment.
You shoot a sling bullet. The sling bullet hits the iguana.
You kill the iguana!
The orc warrior hits you with a +0 dire flail.
You shoot a sling bullet.
The sling bullet hits the orc warrior but does no damage.
The orc warrior closely misses you.
You shoot a sling bullet.
The sling bullet hits the orc warrior but does no damage.
The orc warrior closely misses you.
You shoot a sling bullet.
The sling bullet barely misses the orc warrior.
The orc warrior completely misses you.
You shoot a sling bullet. The sling bullet hits the orc priest!
The orc priest is heavily wounded.
The orc priest mumbles some strange prayers to Beogh against you.
Beogh smites you!
The orc warrior hits you with a +0 dire flail.
You shoot a sling bullet. The sling bullet hits the orc priest.
Lightning courses through the orc priest!
You kill the orc priest!
The orc warrior completely misses you.
Your Dodging skill increases to level 3!
You shoot a sling bullet.
The sling bullet hits the orc warrior but does no damage.
The orc warrior barely misses you.
You shoot a sling bullet.
The sling bullet hits the orc warrior but does no damage.
The orc warrior completely misses you. You furiously retaliate!
You headbutt the orc warrior. You shoot a sling bullet.
The sling bullet closely misses the orc warrior.
The orc warrior closely misses you.
You shoot a sling bullet. The sling bullet hits the orc warrior.
The orc warrior is moderately wounded.
The orc warrior hits you with a +0 dire flail!!
You die...

.............#
...........#.#
.##...#..######
#...#.......#
.....##.####.#
, .#...
#.####.# ## ,
#.##...# , ,,
#....####### *
#....#.o@.....#
*
.......)......#
..#.##).......#
, *#..
..........#
#.,..#........#
#...###########
* ... ,* ,.. ,
, ,,


You could see an orc warrior.

Vanquished Creatures
  Grinder (D:3)
  Sigmund (D:4)
  A black bear (D:3)
  A hound (D:2)
  An orc priest (D:4)
  An iguana (D:4)
  Jessica (D:2)
  3 gnolls
  3 adders
  A worm (D:2)
  3 dart slugs
  2 orcs (D:4)
  5 bats
  3 endoplasms (D:2)
  2 giant cockroaches
  3 goblins
  4 hobgoblins
  12 jackals
  2 quokkas
  11 ball pythons
  A frilled lizard (D:2)
  4 kobolds
  3 rats
69 creatures vanquished.

Notes
Turn   | Place    | Note
-------+----------+-------------------------------------------
     0 | D:1      | qw the Minotaur Hexslinger began the quest for the Orb.
     0 | D:1      | Reached XP level 1. HP: 16/16 MP: 1/1
     0 | D:1      | 0 ||| qw: Version: 0.3-a-51-g015441d
     0 | D:1      | 0 ||| qw: Game counter: 3787
     0 | D:1      | 0 ||| qw: Melee chars always use a shield: true
     0 | D:1      | 0 ||| qw: God list: Okawaru
     0 | D:1      | 0 ||| qw: Allow faded altars: false
     0 | D:1      | 0 ||| qw: Do Orc after clearing Dungeon:15 true
     0 | D:1      | 0 ||| qw: Do second Lair branch before Depths: true
     0 | D:1      | 0 ||| qw: Lair rune preference: random
     0 | D:1      | 0 ||| qw: Goals: Normal
     0 | D:1      | 0 ||| PLANNING D:1-11
   623 | D:1      | 623 ||| READING scroll labelled ETOC UWUEHUNIJO.
   624 | D:1      | 624 ||| DROPPING scroll of poison.
   647 | D:2      | Noticed Jessica
   649 | D:2      | 649 ||| STAIRDANCE
   650 | D:2      | Reached skill level 3 in Ranged Weapons
   650 | D:2      | Reached XP level 2. HP: 16/23 MP: 2/2
   695 | D:2      | Killed Jessica
   696 | D:2      | Reached skill level 3 in Fighting
   696 | D:2      | Reached XP level 3. HP: 31/31 MP: 3/3
   708 | D:2      | 708 ||| STAIRDANCE
   853 | D:2      | Reached skill level 4 in Ranged Weapons
   853 | D:2      | Reached XP level 4. HP: 18/38 MP: 4/4
  1999 | D:2      | 1999 ||| UPGRADING to +0 robe of fire resistance.
  2009 | D:2      | 2009 ||| DROPPING +0 robe.
  2010 | D:2      | 2010 ||| UPGRADING to ring of willpower.
  2011 | D:2      | 2011 ||| READING 2 scrolls labelled UNNACI WIDIAM.
  2012 | D:2      | 2012 ||| READING scroll labelled USMADGHA BUADUM.
  2013 | D:2      | 2013 ||| READING scroll labelled EPU DECERIYHOSK.
  2014 | D:2      | 2014 ||| READING scroll labelled FEKUTI JI GERILE.
  2015 | D:2      | 2015 ||| DRINKING 2 orange potions.
  2016 | D:2      | 2016 ||| DROPPING potion of degeneration.
  2316 | D:3      | Reached skill level 5 in Ranged Weapons
  2445 | D:3      | Reached XP level 5. HP: 45/45 MP: 5/5
  2489 | D:3      | 2489 ||| READING scroll of brand weapon.
  2489 | D:3      | 2489 ||| BRANDING +1 sling of flaming.
  2868 | D:3      | Noticed a black bear
  2874 | D:3      | Killed a black bear
  2875 | D:3      | Reached skill level 6 in Ranged Weapons
  3044 | D:3      | Found a runed translucent door.
  3045 | D:3      | Noticed Crazy Yiuf
  3121 | D:3      | 3121 ||| DROPPING +0 leather armour.
  3122 | D:3      | 3122 ||| UPGRADING to +2 robe of cold resistance.
  3132 | D:3      | 3132 ||| READING scroll labelled OSEISCH OBAUM.
  3133 | D:3      | 3133 ||| DRINKING 2 emerald potions.
  3133 | D:3      | Gained mutation: You have a somewhat thin skeletal
                  | structure. (Dex +2, Stealth+) [potion of mutation]
  3133 | D:3      | Gained mutation: You have an increased reservoir of magic.
                  | (+10% MP) [potion of mutation]
  3133 | D:3      | Gained mutation: You passively map a small area around you.
                  | [potion of mutation]
  3133 | D:3      | Gained mutation: You have large cloven feet. [potion of
                  | mutation]
  3171 | D:3      | 3171 ||| STAIRDANCE
  3349 | D:3      | Found an opulent altar of Gozag.
  3349 | D:3      | Found a snail-covered altar of Cheibriados.
  3359 | D:3      | 3359 ||| STAIRDANCE
  3401 | D:3      | Found a blossoming altar of Fedhas.
  3403 | D:3      | Found a shimmering blue altar of Sif Muna.
  3403 | D:3      | Found an ornate altar of the Wu Jian Council.
  3418 | D:3      | Reached XP level 6. HP: 52/52 MP: 7/7
  3457 | D:3      | Noticed Grinder
  3466 | D:3      | Killed Grinder
  3664 | D:4      | Noticed Sigmund
  3667 | D:4      | Killed Sigmund
  3668 | D:4      | Reached skill level 7 in Ranged Weapons
  3668 | D:4      | Reached XP level 7. HP: 62/62 MP: 8/8
  3708 | D:4      | Reached skill level 3 in Dodging
  3711 | D:4      | Slain by an orc warrior

Levels and vault maps discovered:
D:1:      sevenhm_arrival_forest_fort_small_3, layout_basic
D:2:      layout_basic, uniq_jessica
D:3:      mumra_celtic_spiral_tile, layout_loops_corners,
          grunt_temple_overflow_open, uniq_crazy_yiuf_cottage, uniq_grinder
D:4:      layout_rooms, uniq_sigmund

Skill      XL: |  1  2  3  4  5  6  7 |
---------------+----------------------+-----
Ranged Weapons | 3 4 5 6 7 |  7.0
Fighting       | 3 5 |  5.8
Dodging        | 3 |  3.0
Spellcasting   | |  1.0
Hexes          | |  2.0

Action                     |  1- 3 |  4- 6 |  7- 9 || total
---------------------------+-------+-------+-------++-------
   Fire: Sling             |    66 |   127 |    23 ||   216
    Use: Scroll            |     1 |     6 |       ||     7
         Potion            |       |     2 |       ||     2
 Armour: Robe              |     7 |    14 |       ||    21
  Dodge: Dodged            |    34 |    37 |     9 ||    80

Table legend:
 A = Non-vault XP
 B = Vault XP
 C = Vault XP percentage of total XP
 D = Non-vault monster count
 E = Vault monster count
 F = Vault count percentage of total count
                 A         B        C        D         E       F
            +---------+---------+-------+---------+---------+-------
      Total |     443 |     527 |  54.3 |      66 |       3 |   4.3
            +---------+---------+-------+---------+---------+-------
        D:1 |      27 |       0 |   0.0 |       9 |       0 |   0.0
        D:2 |     129 |      37 |  22.3 |      33 |       1 |   2.9
        D:3 |     198 |     267 |  57.4 |      19 |       1 |   5.0
        D:4 |      89 |     223 |  71.5 |       5 |       1 |  16.7
            +---------+---------+-------+---------+---------+-------
